 Dungeon Crawl Stone Soup version 0.30-a0-393-g54b8e3be05 (webtiles) character file.

Game seed: 16148530427883341406

4043 porpoise the Fighter (level 10, -2/76 HPs)
             Began as a Djinni Fire Elementalist on Dec 6, 2022.
             Was a Follower of Makhleb.
             Slain by Erica
             ... wielding a +4 scimitar of flaming
              (12 damage)
             ... on level 8 of the Dungeon.
             The game lasted 00:35:00 (7115 turns).

porpoise the Fighter (Djinni Fire Elementalist)     Turns: 7115, Time: 00:35:01

Health: -2/76      AC:  7    Str:  7    XL:     10   Next: 48%
Gold:   144        EV: 15    Int: 20    God:    Makhleb [*.....] SH:  4 Dex: 15

rFire   + + .      SeeInvis .    a - +2 dagger (venom)
rCold   x . .      Faith    .    G - +0 buckler
rNeg    . . .      Spirit   .    m - +0 robe
rPois   ∞          Reflect  .    b - +0 helmet
rElec   .          Harm     .    n - +2 cloak
rCorr   .          Rampage  .    l - +0 pair of gloves
Will    +....                    (boots unavailable)
Stlth   +++.......               (no amulet)
HPRegen 0.32/turn                (no ring)
MPRegen 0.00/turn                (no ring)

@: flying, slowed, very slow
A: sickness immunity, fire resistance 2, cold vulnerability 1, float, innate
caster, HP casting, extra vitality 1
a: Renounce Religion


You were on level 8 of the Dungeon.
You worshipped Makhleb.
Makhleb was aware of your devotion.
You visited 2 branches of the dungeon, and saw 9 of its levels.

You collected 390 gold pieces.
You spent 246 gold pieces at shops.

Inventory:

Hand Weapons
 a - a +2 dagger of venom (weapon)
 k - a +1 vorpal short sword
 A - a +2 flail of venom
Missiles
 q - 25 poisoned darts
 H - 3 boomerangs
Armour
 b - a +0 helmet (worn)
 l - a +0 pair of gloves (worn)
 m - a +0 robe (worn)
 n - a +2 cloak (worn)
 p - an orb of wrath
 v - a scarf of invisibility
 D - +0 fire dragon scales
 G - a +0 buckler (worn)
Jewellery
 g - an amulet of faith
Wands
 d - a wand of light (1)
 y - a wand of digging (6)
 z - a wand of charming (6)
Scrolls
 c - a scroll of teleportation
 e - a scroll of butterflies {unknown}
 u - a scroll of vulnerability {unknown}
 w - a scroll of immolation
 x - a scroll of fear
 E - a scroll of enchant armour {unknown}
 F - a scroll of blinking {unknown}
Potions
 f - 4 potions of curing
 h - 2 potions of attraction
 i - 2 potions of mutation
 j - a potion of resistance
 o - a potion of haste
 r - 2 potions of lignification
 s - a potion of brilliance
 t - 4 potions of might
 B - a potion of cancellation {unknown}
 C - a potion of berserk rage {unknown}


   Skills:
 + Level 8.1 Fighting
 - Level 4.0 Armour
 - Level 7.1 Dodging
 - Level 4.0 Stealth
 + Level 0.6 Shields
 - Level 7.1 Spellcasting
 + Level 6.8 Invocations
 - Level 3.9 Evocations


You couldn't memorise any spells.
You knew the following spells:

 Your Spells              Type           Power      Damage    Failure   Level
a - Foxfire               Conj/Fire      100%       2x1d9     1%          1
b - Scorch                Fire           70%        2d8       1%          2
c - Kindle Blastsparks    Fire/Tloc/Air  70%        2d15      1%          3
d - Inner Flame           Hex/Fire       35%        N/A       1%          3
e - Flame Wave            Conj/Fire      35%        2d10      7%          4
f - Beastly Appendage     Tmut           70%        N/A       1%          1
g - Momentum Strike       Conj/Tloc      70%        3d9       1%          2
h - Swiftness             Air            35%        N/A       1%          3
i - Cause Fear            Hex            17%        N/A       7%          4
Your spell library was empty.

Dungeon Overview and Level Annotations

Branches:
Dungeon (8/15)             Temple (1/1) D:6
   Lair: D:8-11

Altars:
Ashenzari
Cheibriados
Dithmenos
Elyvilon
Fedhas
Gozag
Hepliaklqana
Makhleb
Nemelex Xobeh
Okawaru
Qazlal
Ru
Uskayaw
Xom
Zin

Shops:
D:1 *:=   D:4 (   D:8 =*

Annotations:
D:3 1 runed translucent door, whiskeysaurus's ghost, amateur DrCj
D:8 Erica


Innate Abilities, Weirdness & Mutations

You are immune to sickness and miasma.
You are immune to poison.
Your flesh is very heat resistant. (rF++)
You are vulnerable to cold. (rC-)
You float through the air rather than walking.
You learn spells naturally, not from books.
Your magical power is your life essence.
You have superior vitality. (+4 MHP)


Message History

Casting: Foxfire (safe; 1% risk of failure)
Confirm with . or Enter, or press ? or * to list all spells.
Aiming: Momentum Strike (safe; 1% risk of failure)
Press: ? - help, Dir - move target, f - Erica
Aim: Erica, wielding a +4 scimitar of flaming and wearing a +0 robe (moderately wounded, more vulnerable to fire, 71% to hit)
The concentrated momentum hits Erica!
You are unable to move.
Erica is no longer more vulnerable to fire.
Erica says, "Fast and perfect.
Such is my way of killing."
Casting: Momentum Strike (safe; 1% risk of failure)
Confirm with . or Enter, or press ? or * to list all spells.
You conjure some foxfire!
Erica gestures wildly while chanting.
Erica flickers and vanishes!
Deactivating autopickup; reactivate with Ctrl-A.
Something hits you.
Casting: Foxfire (safe; 1% risk of failure)
Confirm with . or Enter, or press ? or * to list all spells.
You can't see any susceptible monsters within range! (Use Z to cast anyway.)
Casting: Foxfire (safe; 1% risk of failure)
Confirm with . or Enter, or press ? or * to list all spells.
Okay, then.
Unknown command.
Casting: Foxfire (safe; 1% risk of failure)
Confirm with . or Enter, or press ? or * to list all spells.
Casting: Flame Wave (dangerous; 7% risk of failure)
Press: ? - help, Dir - look around, f - activate A wave of flame ripples out!
The flame wave engulfs your foxfire.
Your foxfire completely resists.
The flame wave engulfs something!
The flame wave engulfs your foxfire.
Your foxfire completely resists. (Press . to intensify the flame waves.)
The foxfire hits something!
The foxfire hits something.
Something hits you!
* * * LOW HITPOINT WARNING * * *
Something burns you.
* * * LOW HITPOINT WARNING * * *
A wave of flame ripples out!
The flame wave engulfs something.
* * * LOW HITPOINT WARNING * * *
You are no longer robbed of momentum.
Something hits you!
You die...

.. ## ~~.~~ ##### .##~#
#~.. #...# .#..+ +...
##.... ...~#+#~...
.>..### #
.##~~.~~..######..#..#.#
...............#......<#
.............#.#{....#
#............#.#@....#
#............#.#.######
#............#..........
.............###.#######
.............# #.#
....####≈≈#### #.#
...§§..∩..>..+ #.#
.############# ..# .#
...... ..#


There were no monsters in sight!

Vanquished Creatures
  Pikel (D:7)
  2 steam dragons
  Duvessa (D:5)
  An ice beast (D:7)
  A black bear (D:6)
  An ogre (D:5)
  2 centaurs
  4 lemures (D:7)
  2 kobold brigands (D:7)
  2 bullfrogs (D:6)
  A gnoll sergeant (D:6)
  A necrophage (D:4)
  4 scorpions
  5 killer bees (D:7)
  2 gnoll boudas (D:7)
  2 hounds
  6 iguanas
  7 orc wizards
  12 gnolls
  7 adders
  A shadow imp (D:5)
  2 white imps
  An ufetubus (D:5)
  4 dart slugs
  28 orcs
  An endoplasm (D:3)
  4 goblins
  4 hobgoblins
  2 jackals (D:1)
  A quokka (D:2)
  5 ball pythons
  8 bats
  A frilled lizard (D:1)
  11 kobolds
  2 rats
139 creatures vanquished.

Vanquished Creatures (others)
  Dowan (D:5)
  An orc priest (D:4)
  An orc (D:4)
  A quokka (D:4)
  371 foxfires
  52 fungi (D:8)
  27 plants (D:8)
454 creatures vanquished.

Grand Total: 593 creatures vanquished

Notes
Turn   | Place    | Note
-------+----------+-------------------------------------------
     0 | D:1      | porpoise the Djinni Fire Elementalist began the quest for
                  | the Orb.
     0 | D:1      | porpoise set off with the following spells memorised:
                  | Foxfire, Scorch, Kindle Blastsparks, Inner Flame, Flame
                  | Wave.
     0 | D:1      | Reached XP level 1. HP: 15/15 MP: 0/0
    56 | D:1      | Found Jievare's Jewellery Shoppe.
    70 | D:1      | Reached XP level 2. HP: 19/22 MP: 0/0
   118 | D:1      | Reached skill level 1 in Fighting
   261 | D:1      | Found Yczot's Book Shoppe.
   291 | D:1      | Found Heafa's Assorted Antiques.
   568 | D:2      | Reached XP level 3. HP: 26/28 MP: 0/0
   568 | D:2      | Learned a level 1 spell: Beastly Appendage
   858 | D:2      | Reached skill level 2 in Fighting
   914 | D:2      | Reached XP level 4. HP: 32/33 MP: 0/0
  1394 | D:3      | Found a runed translucent door.
  1394 | D:3      | Noticed whiskeysaurus's ghost (amateur DrCj)
  1872 | D:4      | Found Qicirch Erimn's Weapon Emporium.
  2220 | D:4      | Reached XP level 5. HP: 37/40 MP: 0/0
  2220 | D:4      | Learned a level 2 spell: Momentum Strike
  2521 | D:4      | Reached skill level 3 in Fighting
  2712 | D:4      | Reached XP level 6. HP: 44/46 MP: 0/0
  2788 | D:5      | Entered Level 5 of the Dungeon
  2806 | D:5      | Noticed Duvessa
  2806 | D:5      | Noticed Dowan
  2806 | D:5      | Noticed an ogre
  2854 | D:5      | Noticed a steam dragon
  2870 | D:4      | Killed a steam dragon
  2871 | D:4      | Reached skill level 4 in Fighting
  3179 | D:5      | Reached XP level 7. HP: 48/53 MP: 0/0
  3179 | D:5      | Learned a level 3 spell: Swiftness
  3243 | D:5      | Reached skill level 5 in Fighting
  3332 | D:5      | Killed Duvessa
  3338 | D:5      | Reached skill level 5 in Spellcasting
  3342 | D:5      | Killed Dowan
  3343 | D:5      | Reached XP level 8. HP: 27/60 MP: 0/0
  3583 | D:5      | Reached skill level 6 in Fighting
  4203 | D:6      | Found a staircase to the Ecumenical Temple.
  4209 | Temple   | Entered the Ecumenical Temple
  4325 | Temple   | Became a worshipper of Makhleb the Destroyer
  5022 | D:6      | Reached skill level 7 in Fighting
  5192 | D:6      | Found a shadowy altar of Dithmenos.
  5195 | D:6      | Found a hazy altar of Hepliaklqana.
  5422 | D:7      | Reached XP level 9. HP: 52/68 MP: 0/0
  5422 | D:7      | Learned a level 4 spell: Cause Fear
  5565 | D:7      | Found an iron altar of Okawaru.
  5709 | D:7      | Reached skill level 5 in Invocations
  5709 | D:7      | Reached XP level 10. HP: 75/75 MP: 0/0
  5866 | D:7      | Reached * piety under Makhleb
  6030 | D:7      | Found a sacrificial altar of Ru.
  6184 | D:7      | Noticed Pikel
  6189 | D:7      | Killed Pikel
  6190 | D:7      | Reached skill level 8 in Fighting
  6462 | D:1      | Bought a silvery potion for 25 gold pieces
  6462 | D:1      | Bought a smoky coppery potion for 25 gold pieces
  6462 | D:1      | Bought a gilded ring for 140 gold pieces
  6462 | D:1      | Bought a scroll labelled VIGUAF FEVVA for 28 gold pieces
  6462 | D:1      | Bought a scroll labelled XAETOKK PYMU for 28 gold pieces
  7046 | D:8      | Found a white marble altar of Elyvilon.
  7046 | D:8      | Found a blossoming altar of Fedhas.
  7080 | D:8      | Found Equafisk's Jewellery Shop.
  7084 | D:8      | Found Entoviwk's Assorted Antiques.
  7105 | D:8      | Noticed Erica
  7115 | D:8      | Slain by Erica

Illustrated notes

Levels and vault maps discovered:
D:1:      eino_arrival_water_star, layout_rooms, serial_shops,
          nicolae_shop_behind_doors, shop, nicolae_shop_waterfront
D:2:      layout_loops_cross
D:3:      layout_loops_ring, hellmonk_ghost_happy_afterlife
D:4:      layout_basic, serial_shops, shop
D:5:      layout_cave_pools, nicolae_sif_muna_little_library,
          nicolae_ossuary_entry_false_entrances, uniq_duvessa
D:6:      layout_loops_corners, grunt_temple_overflow_diamond,
          minmay_temple_entry_glassed_door
D:7:      layout_loops_ring, old_standard_altar, mainiacjoe_overflow_paths,
          uniq_pikel
D:8:      layout_basic, grunt_temple_overflow_open, due_lair_maze_entry_diamond,
          serial_shops, kennysheep_mini, nicolae_square_shop,
          kennysheep_mini_moat, nicolae_shop_hallway_stairs, shop,
          wad_mini_maze, uniq_erica
Temple:   hellmonk_temple_beads

Skill      XL: |  1  2  3  4  5  6  7  8  9 10 |
---------------+-------------------------------+-----
Fighting       | 1 2 3 4 5 7 8 |  8.1
Spellcasting   | 3 4 5 6 7 |  7.1
Armour         | 4 |  4.0
Dodging        | 7 |  7.1
Stealth        | 4 |  4.0
Invocations    | 5 6 |  6.8
Evocations     | 3 |  3.9
Shields        | |  0.6

Action                   |  1- 3 |  4- 6 |  7- 9 | 10-12 || total
-------------------------+-------+-------+-------+-------++-------
Melee: Dagger            |     1 |     2 |       |       ||     3
       Short sword       |       |    10 |     2 |       ||    12
       Flail             |       |       |     1 |    10 ||    11
       Punch             |       |       |       |     1 ||     1
 Cast: Foxfire           |    38 |    42 |    91 |    45 ||   216
       Scorch            |     1 |    21 |    30 |    19 ||    71
       Momentum Strike   |       |     5 |     7 |     4 ||    16
       Kindle Blastspark |       |       |     1 |       ||     1
       Flame Wave        |       |       |     2 |     3 ||     5
  Use: Scroll            |       |     9 |     6 |     2 ||    17
       Potion            |       |       |     1 |       ||     1
Armor: Robe              |     4 |     6 |     9 |     5 ||    24
Dodge: Dodged            |     7 |    23 |     7 |    19 ||    56
Block: Buckler           |       |       |       |     2 ||     2

Table legend: (Time is in decaauts)
 A = Elapsed time spent in this place.
 B = Non-inter-level travel time spent in this place.
 C = Inter-level travel time spent in this place.
 D = Time resting spent in this place.
 E = Time spent auto-exploring this place.
 F = Levels seen in this place.
 G = Mean time per level.
                   A        B        C        D        E       F      G
               +--------+--------+--------+--------+--------+-----+--------+
         Total |   7125 |   6513 |    612 |   1914 |   3550 |   9 |  791.7 |
       Dungeon |   6977 |   6417 |    560 |   1914 |   3466 |   8 |  872.1 |
        Temple |    147 |     95 |     52 |      0 |     84 |   1 |  147.0 |
               +--------+--------+--------+--------+--------+-----+--------+

Top non-repeatable levels by time:
     D:7: 1453 daAuts
     D:6: 1381 daAuts
     D:4: 1342 daAuts
     D:2: 809 daAuts
     D:5: 802 daAuts
     D:3: 562 daAuts
     D:1: 555 daAuts
  Temple: 147 daAuts
     D:8: 70 daAuts
